Map: Orbital Shipyard

Players

Beastyqt - Winner!

  • Race: Terran Terran
  • League: Master

HuK

  • Race: Protoss Protoss
  • League: Grandmaster

Event: DreamHack ZOWIE Open Leipzig

VOD

Have the link to the VOD?

Description

Time

  • Played on: Jan. 22, 2016, 10:58 a.m.
  • Length: 11:16

All games in this series

Show
View Real Time Build Order
Export as new Build Order

Beastyqt Terran - Winner!

Build Orders: Command Center First (CC), MMM Bio 

Get SALT Encoding   

  12  0:00  SCV  
  13  0:13  SCV  
  14  0:17  Supply Depot  
  14  0:25  SCV  
  15  0:39  SCV  
  16  0:51  SCV  
  17  0:59  Command Center  
  17  1:03  SCV  
  18  1:12  Barracks  
  18  1:17  SCV  
  19  1:26  Barracks  
  19  1:30  SCV  
  20  1:42  SCV  
  21  1:59  Marine, Orbital Command  
  22  2:03  Refinery  
  22  2:04  Refinery  
  22  2:11  Orbital Command  
  22  2:13  Marine  
  23  2:17  Marine  
  23  2:21  Supply Depot  
  24  2:25  SCV  
  25  2:32  Marine  
  25  2:37  SCV, Barracks Tech Lab  
  26  2:38  SCV  
  27  2:44  Bunker  
  27  2:49  SCV  
  27  2:51  Barracks Reactor  
  28  2:53  SCV  
  28  2:55  Reaper  
  30  3:04  SCV, Supply Depot  
  30  3:09  SCV  
  30  3:16  SCV  
  30  3:18  Stimpack  
  31  3:21  SCV  
  31  3:23  Engineering Bay  
  31  3:27  Marine  
  32  3:28  SCV  
  32  3:29  Marine x2  
  32  3:33  SCV  
  37  3:42  SCV  
  37  3:44  Marine  
  37  3:45  Factory  
  37  3:47  Marine  
  40  3:50  SCV  
  40  3:53  Supply Depot, Missile Turret  
  40  3:54  Marine  
  42  3:59  SCV  
  42  4:00  Terran Infantry Weapons Level 1  
  42  4:02  SCV, Marine  
  44  4:05  Marine  
  45  4:11  SCV  
  45  4:12  Marine  
  47  4:18  SCV  
  47  4:20  Marine  
  49  4:24  SCV  
  49  4:25  Command Center  
  49  4:27  Marine  
  49  4:30  SCV  
  52  4:32  Starport  
  52  4:35  Factory Reactor  
  52  4:36  SCV  
  53  4:40  Marine  
  53  4:41  Supply Depot, Marine  
  53  4:44  SCV  
  56  4:46  Marine  
  56  4:50  Supply Depot  
  56  4:52  Missile Turret  
  57  4:54  SCV  
  57  4:56  SCV  
  57  4:58  Marine  
  57  4:59  Marine  
  61  5:04  Marine  
  61  5:06  SCV  
  63  5:08  SCV  
  63  5:11  Supply Depot  
  64  5:16  Medivac x2  
  64  5:18  SCV, Marine x2  
  64  5:19  Combat Shields  
  64  5:20  SCV  
  72  5:22  Marine  
  72  5:26  Refinery x2  
  73  5:30  SCV  
  73  5:32  SCV  
  73  5:34  Supply Depot  
  75  5:36  Marine x2  
  75  5:39  Orbital Command  
  75  5:40  Marine  
  75  5:42  SCV  
  78  5:51  SCV  
  78  5:54  Marine x2  
  78  5:55  Medivac  
  85  5:57  Factory Reactor, Marine  
  85  6:03  Barracks  
  84  6:06  Liberator  
  83  6:12  Barracks, Marauder  
  83  6:13  Barracks, Liberator  
  83  6:17  Marine  
  85  6:19  Missile Turret  
  85  6:21  Marine  
  85  6:23  Supply Depot  
  86  6:40  Marine  
  86  6:41  Marauder  
  86  6:45  Widow Mine x2  
  86  6:46  Marine  
  94  6:49  Orbital Command  
  94  6:52  Barracks Tech Lab  
  94  6:54  Liberator  
  94  6:56  Liberator  
  94  6:58  Marine  
  95  7:06  SCV  
  95  7:10  SCV  
  95  7:11  Barracks Tech Lab x2  
  95  7:12  Marine  
  95  7:13  Marauder  
  95  7:14  SCV  
  106  7:18  SCV  
  106  7:22  Supply Depot  
  107  7:23  Missile Turret  
  107  7:26  Bunker  
  107  7:29  Marine x2  
  108  7:30  Bunker, Concussive Shells, Marauder  
  108  7:34  Marine x3  
  108  7:36  Widow Mine  
  116  7:39  Supply Depot  
  116  7:40  Supply Depot, Terran Infantry Armor Level 1  
  116  7:41  Supply Depot  
  116  7:42  Widow Mine  
  116  7:43  Liberator  
  117  7:44  Armory  
  117  7:45  SCV x2  
  117  7:46  SCV  
  117  7:47  Marine x2  
  117  7:48  Liberator  
  122  7:51  Marine  
  122  7:52  Marine  
  122  7:57  SCV  
  125  8:02  SCV, Supply Depot  
  129  8:06  Marine x2  
  134  8:17  Marauder  
  135  8:20  Marine  
  135  8:21  Marauder, Marine  
  135  8:24  SCV x2  
  135  8:26  Marauder, Marine  
  142  8:31  SCV, Refinery  
  142  8:32  Refinery  
  142  8:34  Barracks x3  
  140  8:37  Marine  
  140  8:38  Marine  
  140  8:39  Marauder  
  140  8:40  SCV  
  145  8:42  Marauder  
  145  8:44  Command Center, Marine  
  145  8:45  SCV  
  149  8:53  Ghost Academy  
  149  8:54  Supply Depot  
  149  8:55  SCV x2  
  151  9:00  Engineering Bay  
  150  9:11  Marine  
  150  9:12  Marauder  
  150  9:13  Medivac x2  
  150  9:16  Marine x2  
  159  9:20  Marine  
  159  9:23  Barracks Tech Lab  
  159  9:24  Supply Depot, Barracks Tech Lab, Barracks Reactor  
  160  9:25  Supply Depot  
  160  9:27  Marine  
  160  9:29  Marine  
  159  9:34  Marine x2  
  159  9:36  Marine  
  158  9:48  Marine x2  
  158  9:50  Marauder x2, Medivac x2, Marine  
  158  9:51  Marine  
  158  9:52  Marine  
  165  9:55  Marine  
  164  10:06  Marine x2  
  166  10:08  Marine  
  166  10:12  Marine  
  168  10:20  Medivac x2  
  166  10:31  Marauder x2, Marine x2  
  173  10:35  Marauder  
  173  10:36  Marauder  
  173  10:38  Marine  
  173  10:40  Marine  
  173  10:42  SCV  
  169  10:44  SCV, Marine x2  
  169  10:49  Marine  
  165  10:50  Marine  
  165  10:52  Marine x2  
  173  11:05  Supply Depot  
Show
View Real Time Build Order
Export as new Build Order

HuK Protoss 

Build Orders:  

Get SALT Encoding   

  12  0:00  Probe (Chrono Boost)  
  13  0:11  Probe (Chrono Boost)  
  14  0:18  Pylon  
  14  0:22  Probe (Chrono Boost)  
  15  0:36  Probe (Chrono Boost), Gateway  
  15  0:42  Assimilator  
  16  0:47  Probe (Chrono Boost)  
  17  0:57  Probe (Chrono Boost)  
  18  1:08  Probe (Chrono Boost)  
  20  1:18  Probe (Chrono Boost)  
  20  1:23  Cybernetics Core  
  20  1:29  Probe (Chrono Boost)  
  21  1:38  Pylon  
  21  1:39  Probe (Chrono Boost)  
  22  1:45  Nexus  
  22  1:51  Assimilator  
  22  1:54  Probe (Chrono Boost)  
  22  2:00  Adept (Chrono Boost)  
  25  2:05  Probe  
  26  2:09  Warp Gate  
  26  2:17  Probe (Chrono Boost)  
  26  2:21  Twilight Council  
  27  2:37  Probe (Chrono Boost)  
  28  2:48  Nexus  
  28  2:51  Probe (Chrono Boost)  
  29  2:58  Resonating Glaives (Chrono Boost)  
  29  3:12  Probe  
  29  3:13  Mothership Core  
  32  3:23  Probe  
  32  3:25  Pylon  
  33  3:33  Probe  
  33  3:34  Probe  
  35  3:43  Stargate  
  35  3:44  Probe  
  35  3:46  Probe  
  37  3:50  Gateway  
  37  3:51  Gateway  
  37  3:54  Probe  
  37  3:58  Probe  
  37  4:01  Probe  
  40  4:05  Probe  
  41  4:10  Probe  
  41  4:11  Probe  
  41  4:15  Probe  
  43  4:21  Sentry  
  43  4:22  Probe  
  43  4:23  Probe  
  48  4:26  Probe, Phoenix (Chrono Boost)  
  51  4:32  Probe  
  51  4:35  Probe, Gateway  
  51  4:37  Gateway  
  51  4:38  Gateway, Probe  
  53  4:43  Probe  
  55  4:47  Probe  
  55  4:48  Phoenix (Chrono Boost)  
  55  4:50  Probe  
  59  4:52  Sentry  
  59  4:53  Adept, Pylon  
  59  4:55  Probe  
  64  5:02  Pylon  
  64  5:04  Pylon  
  64  5:06  Probe  
  64  5:07  Probe x2  
  64  5:10  Assimilator  
  64  5:11  Assimilator  
  67  5:16  Probe  
  67  5:18  Oracle (Chrono Boost)  
  67  5:20  Probe x2  
  72  5:27  Probe  
  73  5:31  Probe, Forge  
  73  5:32  Probe, Forge  
  73  5:35  Pylon  
  76  5:38  Probe, Gateway  
  76  5:42  Probe  
  77  5:44  Probe  
  77  5:48  Probe  
  77  5:49  Phoenix (Chrono Boost)  
  81  5:50  Adept x3  
  81  5:52  Probe  
  81  5:57  Pylon, Assimilator  
  89  5:58  Assimilator  
  89  6:06  Adept  
  89  6:11  Phoenix (Chrono Boost)  
  93  6:16  Probe  
  93  6:18  Pylon  
  92  6:19  Probe, Pylon  
  93  6:31  Adept  
  93  6:32  Adept, Protoss Ground Weapons Level 1 (Chrono Boost), Phoenix (Chrono Boost)  
  96  6:37  Zealot x4  
  96  6:38  Probe  
  94  6:50  Probe  
  95  6:56  Photon Cannon  
  95  6:57  Phoenix  
  95  6:58  Photon Cannon  
  95  6:59  Photon Cannon  
  95  7:00  Pylon  
  97  7:02  Pylon  
  97  7:05  Pylon  
  97  7:06  Probe, Pylon  
  98  7:12  Adept x4  
  98  7:13  Adept x2  
  110  7:16  Protoss Ground Armor Level 1 (Chrono Boost)  
  110  7:17  Probe  
  110  7:22  Phoenix  
  113  7:25  Robotics Facility  
  113  7:29  Probe  
  114  7:33  Probe  
  114  7:37  Probe  
  114  7:41  Probe  
  114  7:42  Charge  
  116  7:46  Probe  
  116  7:51  Nexus  
  117  7:53  Assimilator  
  117  7:55  Assimilator  
  117  7:56  Zealot x5  
  127  7:58  Pylon  
  127  8:01  Templar Archives, Pylon  
  127  8:06  Pylon  
  127  8:12  Zealot  
  129  8:33  Templar Archives  
  129  8:36  Phoenix  
  129  8:39  Probe, Photon Cannon  
  129  8:41  Zealot x5  
  140  8:42  Photon Cannon  
  140  8:45  Observer (Chrono Boost)  
  140  8:46  Gateway  
  140  8:47  Gateway x2  
  140  8:48  Gateway x2  
  141  8:55  Pylon  
  141  8:56  Pylon  
  141  9:07  Nexus  
  141  9:11  Probe  
  141  9:12  Probe  
  141  9:14  Observer (Chrono Boost)  
  141  9:15  Probe  
  141  9:16  Probe  
  146  9:23  High Templar x2  
  146  9:24  High Templar x4  
  158  9:32  Observer (Chrono Boost)  
  158  9:36  Archon x2  
  158  9:37  Archon  
  85  9:53  Probe  
  85  9:56  Phoenix  
  87  10:01  Zealot x10  
  87  10:02  Zealot  
  87  10:04  Mothership Core  
  115  10:17  Gateway x2  
  115  10:18  Gateway  
  112  10:21  Phoenix  
  112  10:23  High Templar x4  
  112  10:27  Archon  
  122  10:28  Archon  
  122  10:32  Zealot x4  
  94  10:46  Nexus  
  71  10:57  Gateway  
  71  10:58  Gateway  
  71  10:59  Gateway x2  
  69  11:06  Pylon  
  69  11:08  Pylon  
  69  11:11  Pylon  

Tags
 
Add a new tag
Caveats
  • Supply blocks, unpowered buildings, or Contaminate may cause inaccurate times.
  • Supply counts are checked every 10 seconds.